Unix NetHack Version 3.7.0-87 Work-in-progress - last build Jul 6 2023 03:31:47 (95ed96c5f904f8c939670f77da02ce65a080bf33,branch:master). Game began 2023-07-07 21:15:43, ended 2023-07-08 00:23:02. pinball, chaotic male elven Wizard ... .*.--------- ......%..%%. |.......-.--- .%.........| .....------| .....|.....| ..---.|.| ..^...|.| .-.--|.---M- ..| |....@| -----.| Pinball the Thaumaturge St:18 Dx:10 Co:16 In:20 Wi:13 Ch:10 Chaotic S:22404 Dlvl:12 $:67 HP:0(60) Pw:54(98) AC:-3 Xp:9/4768 T:11141 Hungry Burdened Latest messages: You see here a worthless piece of violet glass. You hit the giant spider! You hit the giant spider! The giant spider bites! The giant spider just misses! You kill the giant spider! Pick an object. You hit the floating eye! You momentarily stiffen under the floating eye's gaze! You kill the floating eye! You see here a floating eye corpse. You hit the owlbear! The owlbear hits! The owlbear hits again! The owlbear grabs you! You hit the owlbear! The owlbear misses! The owlbear misses! You are being crushed. You hit the owlbear! The owlbear misses! The owlbear hits! You are being crushed. You kill the owlbear! You see here an owlbear corpse. You are beginning to feel hungry. You hit the kobold mummy! The kobold mummy misses! You hit the kobold mummy! You destroy the kobold mummy! You see here a mummy wrapping. You have a little trouble lifting C - a mummy wrapping. KAABLAMM!!! You triggered a land mine! You fall into a pit! You are still in a pit. You are still in a pit. You are still in a pit. You crawl to the edge of the pit. What do you want to put on? [glEG-IP or ?*] Never mind. What do you want to remove? [dwL or ?*] ? You were wearing an uncursed ring of free action (on left hand). What do you want to put on? [dglEG-IP or ?*] E E - an uncursed ring of regeneration (on left hand). The ettin mummy hits! The ettin mummy hits again! The ettin mummy hits! The ettin mummy hits again! You die... Do you want your possessions identified? [ynq] (y) q Inventory: Coins $ - 67 gold pieces Amulets L - an uncursed amulet of ESP (being worn) Weapons t - 3 +4 daggers named +4 (wielded) U - 5 +1 daggers (at the ready) Armor m - an uncursed +0 pair of leather gloves (being worn) M - an uncursed +1 pair of high boots (being worn) A - a blessed +1 small shield (being worn) y - a blessed +3 cloak of magic resistance (being worn) C - a cursed -1 mummy wrapping s - an uncursed +0 studded leather armor (being worn) Comestibles D - an uncursed carrot u - an uncursed fortune cookie x - 2 uncursed sprigs of wolfsbane V - an uncursed lizard corpse Scrolls r - a cursed scroll of destroy armor Rings H - a cursed ring of conflict named c l - an uncursed ring of fire resistance d - an uncursed ring of free action g - an uncursed ring of protection from shape changers E - an uncursed ring of regeneration (on left hand) w - an uncursed ring of shock resistance (on right hand) G - an uncursed ring of stealth I - an uncursed ring of sustain ability Wands c - a wand of cold (0:3) B - a wand of lightning (0:5) a - a wand of locking (0:4) W - a wand of make invisible (0:4) j - a wand of probing (0:4) Y - a wand of sleep (0:1) f - a wand of speed monster (0:3) Tools b - an uncursed bag of holding containing 49 items P - an uncursed blindfold p - a magic marker (0:62) F - an uncursed magic whistle z - an uncursed mirror T - a +0 pick-axe (alternate weapon; not wielded) k - an uncursed skeleton key h - a +0 unicorn horn Gems/Stones v - 3 uncursed amethyst stones K - an uncursed jade stone n - an uncursed worthless piece of yellow glass Contents of the bag of holding: 2685 gold pieces an uncursed amulet of unchanging 10 +1 shuriken 9 +0 darts an uncursed +0 pair of levitation boots an uncursed +0 mummy wrapping an uncursed +0 mummy wrapping 2 uncursed slime molds an uncursed banana an uncursed food ration an uncursed sprig of wolfsbane 4 uncursed tripe rations an uncursed lichen corpse an uncursed lizard corpse an uncursed scroll of create monster an uncursed scroll of earth a cursed scroll of earth a blessed scroll of light an uncursed spellbook of magic missile an uncursed potion of acid an uncursed potion of enlightenment a cursed potion of extra healing an uncursed potion of gain energy 2 uncursed potions of levitation a blessed potion of object detection an uncursed potion of object detection an uncursed potion of paralysis an uncursed potion of restore ability 2 cursed potions of sleeping 5 uncursed potions of water an uncursed ring of fire resistance an uncursed ring of free action an uncursed ring of poison resistance a cursed ring of polymorph an uncursed ring of protection from shape changers an uncursed ring of see invisible an uncursed ring of see invisible an uncursed ring of stealth an uncursed ring of sustain ability an uncursed ring of teleportation an uncursed ring of warning a wand of polymorph (0:4) a wand of probing (0:7) a wand of undead turning (0:5) a wand of undead turning (0:4) an uncursed tin whistle an uncursed lock pick an uncursed mirror an uncursed tin opener Pinball the Wizard's attributes: Background: You were a Thaumaturge, a level 9 male elven Wizard. You were chaotic, on a mission for Anhur who was opposed by Ptah (lawful) and Thoth (neutral). You were in the Gnomish Mines, on level 12. You entered the dungeon 11141 turns ago. It was the midnight hour. You had 4768 experience points, 352 more were needed to attain level 10. Your score was 22404 before end-of-game adjustments. Basics: You had 0 out of 60 hit points. You had 54 out of 98 energy points (spell power). Your armor class was -3. Your wallet contained 67 zorkmids, and you had 2685 more stashed away in your pack. Autopickup was off. Final Characteristics: Your strength was 18 (limit:18). Your dexterity was 10 (base:11, limit:18). Your constitution was 16 (limit:16). Your intelligence was 20 (limit:20). Your wisdom was 13 (limit:20). Your charisma was 10 (limit:18). Final Status: You had wounded legs. You were hungry. You were burdened; movement was slightly slowed. You were wielding daggers. You had expert skill with dagger. Final Attributes: You were piously aligned. You were magic-protected. You were sleep resistant. You were shock resistant. Your items were protected from electric shocks. You were poison resistant. You were telepathic. You had infravision. You regenerated. You were warded. You were fast. You are dead. Miscellaneous: You encountered 1 bones level. Total elapsed playing time was 3 hours, 7 minutes and 18 seconds. Major events: Turn 1: pinball the chaotic male elven Wizard entered the dungeon 1106: attained the rank of Conjurer (level 3) 1466: entered the Gnomish Mines 2368: the Oracle has been killed 3124: attained the rank of Thaumaturge (level 6) 3473: entered Sokoban 4103: completed 1st Sokoban level 4835: completed 2nd Sokoban level 5899: completed 3rd Sokoban level 7150: completed 4th Sokoban level 7625: acquired the Sokoban bag of holding 11141: killed by an ettin mummy Vanquished creatures: the Oracle 2 giant mimics 7 small mimics an ettin mummy 2 gelatinous cubes a tiger a leocrotta a human mummy a wraith a carnivorous ape an ettin zombie 4 watchmen 2 chameleons a crocodile a giant beetle 3 quivering blobs 4 cockatrices a wolf a lynx a panther 2 giant spiders 2 scorpions a vampire bat 4 gnome rulers a dwarf mummy 2 ogres 4 owlbears a yeti 2 lizards a chickatrice a dingo 3 jaguars a blue jelly a black unicorn 3 dust vortices 2 ravens a plains centaur 2 apes 5 human zombies a Woodland-elf a fire ant 2 wood nymphs a water nymph 3 mountain nymphs 7 Uruk-hai an orc shaman a rock piercer a rock mole 3 ponies a yellow light a shrieker a violet fungus 7 gnome leaders 3 gnomish wizards a kobold mummy a guardian naga hatchling 2 gray oozes 2 elf zombies a ghoul a paper golem a giant ant a little dog 9 floating eyes 11 dwarves a homunculus 2 kobold leaders a kobold shaman 7 rothes 2 giant bats 2 dwarf zombies a wererat a werejackal 5 iguanas 19 killer bees 2 acid blobs a gas spore 3 hobbits a cave spider 2 brown molds a yellow mold 34 gnomes a gnome zombie 5 geckos 9 jackals a fox 5 goblins 2 sewer rats 6 grid bugs 5 bats 6 lichens 2 kobold zombies 15 newts 282 creatures vanquished. No species were genocided or became extinct. Voluntary challenges: You read items or engraved 15 times. You never engraved Elbereth. You never genocided any monsters. You never polymorphed an object. You never changed form. You used no wishes. You did not violate any of the special Sokoban rules. Achievements: You entered a shop. You attained the rank of Conjurer. You entered the Gnomish Mines. You attained the rank of Thaumaturge. You entered Sokoban. You completed Sokoban. You entered a temple. The Dungeons of Doom: levels 1 to 7 Level 1: Level 2: "$, +'s R Us" A delicatessen. Level 3: Some fountains. Level 4: A fountain. Stairs down to The Gnomish Mines. Level 5: Many fountains. Oracle of Delphi. Level 6: A jewelers. Stairs up to Sokoban, level 5. Level 7: The Gnomish Mines: levels 5 to 12 Level 5: Level 6: Final resting place for xororand-Pri-Hum-Mal-Neu, killed by a Woodland-elf, while frozen by a floating eye's gaze. Level 7: Many shops, a temple, some fountains. Level 8: Level 9: Level 10: Level 11: Level 12: <- You were here. Final resting place for you, killed by an ettin mummy. Sokoban: levels 5 up to 2 Level 2: Solved. Level 3: Solved. Level 4: Solved. Level 5: Solved. Game over: ---------- / \ / REST \ / IN \ / PEACE \ / \ | pinball | | 2752 Au | | killed by an | | ettin mummy | | | | | | 2023 | *| * * * | * _________)/\\_//(\/(/\)/\//\/|_)_______ Goodbye pinball the Wizard... You died in The Gnomish Mines on dungeon level 12 with 22129 points, and 2752 pieces of gold, after 11141 moves. You were level 9 with a maximum of 60 hit points when you died.